 Dungeon Crawl Stone Soup version 0.28-a0-1444-g6c55d0bc0c (webtiles) character file.

Game seed: 8732044579819820613

168 Deminshera the Caller (level 5, -3/45 HPs)
             Began as an Ogre Summoner on Jan 10, 2022.
             Was an Initiate of the Shining One.
             Slain by a worm (8 damage)
             ... on level 4 of the Dungeon.
             The game lasted 00:03:35 (4616 turns).

Deminshera the Caller (Ogre Summoner)               Turns: 4616, Time: 00:03:35

Health: -3/45      AC:  3    Str: 12    XL:     5   Next: 49%
Magic:  9/11       EV:  9    Int: 18    God:    the Shining One [......]
Gold:   98         SH:  0    Dex:  9    Spells: 3/13 levels left

rFire   . . .      SeeInvis +   b - +1 short sword (elec)
rCold   . . .      Faith    .   (no shield)
rNeg    . . .      Spirit   .   a - +0 robe
rPois   .          Reflect  .   i - +0 hat {SInv}
rElec   .          Harm     .   (no cloak)
rCorr   .          Rampage  .   (gloves unavailable)
Will    .....                   (boots unavailable)
Stlth   +.........              (no amulet)
HPRegen 0.15/turn               (no ring)
MPRegen 0.12/turn               (no ring)

@: glowing
A: large, unfitting armour, tough skin 1
a: Renounce Religion


You were on level 4 of the Dungeon.
You worshipped the Shining One.
The Shining One was noncommittal.
You visited 2 branches of the dungeon, and saw 5 of its levels.

You collected 98 gold pieces.

Inventory:

Hand Weapons
 b - a +1 short sword of electrocution (weapon)
Armour
 a - a +0 robe (worn)
 i - a +0 hat of see invisible (worn)
Scrolls
 l - 5 scrolls of fear {unknown}
Potions
 c - a potion of degeneration {unknown}
 d - 3 potions of curing
 e - a potion of ambrosia {unknown}
 h - a potion of mutation {unknown}
 j - a potion of resistance {unknown}
 m - a potion of attraction {unknown}


   Skills:
 - Level 1.7 Dodging
 - Level 1.4 Stealth
 + Level 4.6 Spellcasting
 + Level 4.9 Summonings


You had 3 spell levels left.
You knew the following spells:

 Your Spells              Type           Power      Damage    Failure   Level
a - Summon Small Mammal   Summ           88%        N/A       1%          1
b - Call Imp              Summ           22%        N/A       2%          2
c - Call Canine Familiar  Summ           22%        N/A       5%          3
d - Summon Lightning Spi  Summ/Air       13%        N/A       45%         4

Your spell library contained the following spells:

 Spells                   Type           Power      Damage    Failure   Level
 Animate Skeleton         Necr           8%         N/A       14%         1
 Apportation              Tloc           8%         N/A       14%         1
 Summon Guardian Golem    Hex/Summ       13%        N/A       16%         3
 Blade Hands              Tmut           2%         N/A       98%         5
 Irradiate                Conj/Tmut      2%         3d14      98%         5
 Dragon Form              Tmut           2%         N/A       100%        7


Dungeon Overview and Level Annotations

Branches:
Dungeon (4/15)             Temple (1/1) D:4

Altars:
Ashenzari
Cheibriados
Elyvilon
Hepliaklqana
Makhleb
Nemelex Xobeh
Okawaru
Qazlal
Ru
Sif Muna
Uskayaw
Vehumet
Yredelemnul
The Shining One

Shops:
D:2 *


Innate Abilities, Weirdness & Mutations

You are too large for most types of armour.
You have tough skin. (AC +1)


Message History

Your hound splashes around in the water.
The hound closely misses your hound.
Your hound splashes around in the water.
The hound bites your hound.
Your hound closely misses the hound.
The hound bites your hound.
Your hound bites the hound but does no damage.
The hound bites your hound.
Your hound bites the hound.
The hound bites your hound but does no damage.
Your hound bites the hound.
The hound barely misses your hound.
Your hound bites the hound.
The hound closely misses your hound.
Your hound splashes around in the water.
The hound barely misses your hound.
Your hound splashes around in the water.
The hound barely misses your hound.
Your hound bites the hound.
The hound dies! 2 worms come into view.
Your hound disappears in a puff of smoke!
The worm misses you.
You barely miss the worm. You hit the worm.
The worm is lightly wounded.
The worm barely misses you.
You hit the worm.
The worm is lightly wounded.
The worm bites you.
You hit the worm.
The worm is lightly wounded.
You barely miss the worm.
The worm is lightly wounded.
The worm bites you!
You hit the worm. Lightning courses through the worm!
You kill the worm!
The worm bites you!
* * * LOW HITPOINT WARNING * * *
You see here a worm corpse.
You hit the worm.
The worm is moderately wounded.
The worm bites you!
You die...

**,,,,,,*,,* ,*,,,*,,,,,*
,**,,,,,,,**
**,,,,,*#########*****
,,,,,,,##≈≈≈≈≈§≈##,,,**
*,,,,,,#.#######≈#,,,,*
*,,,,*,#≈#*≈≈≈,#≈#,,,**
,,,,**,#≈#,***≈#≈#,,,*
,,,,**,#≈#≈*∩*≈#@#,,,*
,,,***,#.#,*,*≈#w#*,,**
,,,*,**#†#≈**≈*#≈#*...*
,,,.,*,#≈#≈****#≈#....#*
,,.#..,#.##≈≈≈≈≈##.....#****
,,...[.##†#######.......,,,*
,,........................,**
,,.#......................,,*
,,,#...g..................,**


You could see a worm.

Vanquished Creatures
  Jessica (D:3)
  A hound skeleton (D:4)
  A river rat (D:4)
  A worm (D:4)
  2 dart slugs
  2 endoplasms (D:2)
  4 giant cockroaches
  6 goblins
  4 jackals (D:2)
  A quokka (D:1)
  3 ball pythons
  3 bats
  A frilled lizard (D:2)
  9 kobolds
  4 rats
43 creatures vanquished.

Vanquished Creatures (collateral kills)
  A hound (D:4)
  2 adders
  3 endoplasms
  A giant cockroach (D:3)
  2 goblins
  4 hobgoblins
  3 quokkas
  2 ball pythons (D:3)
  2 kobolds
20 creatures vanquished.

Vanquished Creatures (others)
  11 plants (D:2)
11 creatures vanquished.

Grand Total: 74 creatures vanquished

Notes
Turn   | Place    | Note
-------+----------+-------------------------------------------
     0 | D:1      | Deminshera the Ogre Summoner began the quest for the Orb.
     0 | D:1      | Reached XP level 1. HP: 16/16 MP: 3/3
   567 | D:1      | Reached XP level 2. HP: 20/24 MP: 5/5
   571 | D:1      | Learned a level 2 spell: Call Imp
  1586 | D:2      | Found a basalt altar of Yredelemnul.
  1590 | D:2      | Reached XP level 3. HP: 31/31 MP: 4/7
  1662 | D:2      | Learned a level 3 spell: Call Canine Familiar
  1979 | D:2      | Found Bomnifio's General Store.
  2863 | D:3      | Noticed Jessica
  2871 | D:3      | Killed Jessica
  2872 | D:3      | Reached XP level 4. HP: 39/39 MP: 3/9
  3634 | D:3      | Found a faded altar of an unknown god.
  4011 | D:3      | Found a shimmering blue altar of Sif Muna.
  4157 | D:3      | Learned a level 4 spell: Summon Lightning Spire
  4409 | D:4      | Noticed an ogre
  4462 | D:4      | Found a staircase to the Ecumenical Temple.
  4467 | Temple   | Entered the Ecumenical Temple
  4519 | Temple   | Became a worshipper of the Shining One
  4579 | D:4      | Reached XP level 5. HP: 36/45 MP: 6/11
  4616 | D:4      | Slain by a worm

Illustrated notes

Levels and vault maps discovered:
D:1:      dpeg_arrival_simpleton_b, layout_basic
D:2:      layout_loops_corners, serial_shops, shop, serial_bayou,
          serial_bayou_shore_a, serial_bayou_crossing, serial_bayou_pond_a,
          serial_bayou_ford_a, basic_altar
D:3:      layout_basic, lemuel_blue_sif_altar,
          dilly_ecumenical_altar_fadedgnrine, uniq_jessica
D:4:      layout_cave_pools, overflow_temple_1_default, temple_doors_ab,
          gup_sewer_entry_spiral
Temple:   nicolae_temple_elliptical

Skill      XL: |  1  2  3  4 |
---------------+-------------+-----
Spellcasting   | 3 4 |  4.6
Summonings     | 4 |  4.9
Dodging        | |  1.7
Stealth        | |  1.4

Action                   |  1- 3 |  4- 6 || total
-------------------------+-------+-------++-------
Melee: Unarmed           |    13 |       ||    13
       Short sword       |   106 |    57 ||   163
       Punch             |     1 |       ||     1
 Cast: Summon Small Mamm |     2 |       ||     2
       Call Imp          |    18 |     6 ||    24
       Call Canine Famil |     1 |     8 ||     9
  Use: Potion            |     1 |       ||     1
       Scroll            |       |     3 ||     3
 Stab: Sleeping          |     1 |     1 ||     2
Armor: Robe              |    38 |    22 ||    60
Dodge: Dodged            |    71 |    24 ||    95

Table legend: (Time is in decaauts)
 A = Elapsed time spent in this place.
 B = Non-inter-level travel time spent in this place.
 C = Inter-level travel time spent in this place.
 D = Time resting spent in this place.
 E = Time spent auto-exploring this place.
 F = Levels seen in this place.
 G = Mean time per level.
                   A        B        C        D        E       F      G
               +--------+--------+--------+--------+--------+-----+--------+
         Total |   4668 |   4588 |     80 |   1279 |   2654 |   5 |  933.6 |
       Dungeon |   4595 |   4534 |     61 |   1279 |   2654 |   4 | 1148.8 |
        Temple |     72 |     53 |     19 |      0 |      0 |   1 |   72.0 |
               +--------+--------+--------+--------+--------+-----+--------+

Top non-repeatable levels by time:
     D:3: 1799 daAuts
     D:1: 1376 daAuts
     D:2: 1257 daAuts
     D:4: 162 daAuts
  Temple: 72 daAuts
